 Dungeon Crawl Stone Soup version 0.16.0-8-gd9ae3a8 (webtiles) character file.

46 Palladion the Stinger (level 3, -4/24 HPs)
             Began as a Formicid Venom Mage on Mar 16, 2015.
             Was an Initiate of Dithmenos.
             Killed from afar by Ijyb (11 damage)
             ... with a wand of frost
             ... on level 2 of the Dungeon.
             The game lasted 00:03:00 (900 turns).

Palladion the Stinger (Formicid Venom Mage)          Turns: 900, Time: 00:03:01

Health: -4/24      AC:  2    Str: 12    XL:     3   Next: 95%
Magic:  5/8        EV: 12    Int: 15    God:    Dithmenos [......]
Gold:   88         SH:  0    Dex: 11    Spells: 1 memorised, 7 levels left

rFire  . . .     SeeInvis +     g - +0 hand axe
rCold  . . .     Clarity  .     a - +0 robe
rNeg   . . .     SustAb   .     (no shield)
rPois  .         Gourm    +     (helmet unavailable)
rElec  .         Spirit   .     (no cloak)
rCorr  .         Warding  .     (no gloves)
rMut   .         Stasis   +     (no boots)
MR     .....                    h - amulet of the gourmand
Stlth  ++........               (no ring)
                                (no ring)

@: not resistant to hostile enchantments, unstealthy
A: permanent stasis, dig shafts and tunnels, four strong arms, antennae 3
a: Dig, Shaft Self, Renounce Religion


You were on level 2 of the Dungeon.
You worshipped Dithmenos.
Dithmenos was noncommittal.
You were not hungry.

You visited 1 branch of the dungeon, and saw 2 of its levels.

You collected 88 gold pieces.

Inventory:

Hand weapons
 g - a +0 hand axe (weapon)
Armour
 a - a +0 robe (worn)
 r - a +0 shield
Jewellery
 d - an uncursed ring of sustain abilities {unknown}
 h - an amulet of the gourmand (around neck)
 l - an uncursed amulet of stasis {unknown}
Scrolls
 e - a scroll of remove curse {unknown}
 i - a scroll of noise {unknown}
 n - 2 scrolls of identify {unknown}
 p - a scroll of teleportation {unknown}
 s - a scroll of recharging {unknown}
Potions
 f - a potion of magic {unknown}
 j - 2 potions of curing {unknown}
 k - a potion of heal wounds {unknown}
 o - a potion of degeneration {unknown}
 t - a potion of mutation {unknown}
Books
 b - a Young Poisoner's Handbook

   Spells                             Type                      Level
   a - Sting                          Conjuration/Poison           1
   b - Cure Poison                    Poison                       2
   c - Mephitic Cloud                 Conjuration/Poison/Air       3
   d - Olgreb's Toxic Radiance        Poison                       4
   e - Venom Bolt                     Conjuration/Poison           5
Comestibles
 c - a bread ration
 m - a beef jerky
 q - a slice of pizza


   Skills:
 - Level 1.7 Dodging
 - Level 2.4 Stealth
 + Level 0.5 Shields
 + Level 3.0 Spellcasting
 + Level 6.2 Poison Magic


You had 7 spell levels left.
You knew the following spells:

 Your Spells              Type           Power        Failure   Level  Hunger
a - Sting                 Conj/Pois      ##..         8%          1    #......


Dungeon Overview and Level Annotations

Branches:
Dungeon (2/15)

Altars:
Dithmenos

Annotations:
D:2 Ijyb


Innate Abilities, Weirdness & Mutations

You are under a permanent stasis effect.
You can dig through walls and to a lower floor.
Your four strong arms can wield two-handed weapons with a shield.
You have a pair of large antennae on your head (SInv).


Message History

Press: ? - help, Shift-Dir - straight line, f - Ijyb
Aim: Ijyb, wielding a dagger The sting misses Ijyb.
The goblin shoots a stone.
The stone hits you!
* * * LOW HITPOINT WARNING * * *
Casting: Sting
Confirm with . or Enter, or press ? or * to list all spells.
Aiming: Sting
Press: ? - help, Shift-Dir - straight line, f/p - Ijyb
Aim: Ijyb, wielding a dagger The sting hits Ijyb.
Ijyb is poisoned.
Ijyb is lightly wounded.
Casting: Sting
Confirm with . or Enter, or press ? or * to list all spells.
Aiming: Sting
Press: ? - help, Shift-Dir - straight line, f/p - Ijyb
Aim: Ijyb, wielding a dagger (lightly wounded, poisoned)
The sting hits Ijyb.
Ijyb is lightly wounded.
Ijyb zaps a wand.
The puff of frost hits you!
You die...

#.##........#
##.###.......#
..............#
...###.......#
#### #.......#
####.......#
#.......####
#.####### #@#
#.# #.# #(# #.#
#g# #g# ... ...


You could see Ijyb and a goblin.

Vanquished Creatures
  3 adders (D:2)
  5 goblins
  2 hobgoblins (D:1)
  A quokka (D:2)
  A bat (D:1)
  2 giant cockroaches
  2 giant newts
  2 kobolds
  3 rats (D:1)
21 creatures vanquished.

Notes
Turn   | Place    | Note
--------------------------------------------------------------
     0 | D:1      | Palladion, the Formicid Venom Mage, began the quest for the Orb.
     0 | D:1      | Reached XP level 1. HP: 13/13 MP: 3/3
   195 | D:1      | Reached XP level 2. HP: 17/19 MP: 4/6
   547 | D:2      | Reached XP level 3. HP: 24/24 MP: 2/7
   554 | D:2      | Reached skill level 6 in Poison Magic
   661 | D:2      | Found a shadowy altar of Dithmenos.
   677 | D:2      | Became a worshipper of Dithmenos the Shadowed
   892 | D:2      | Noticed Ijyb
   900 | D:2      | Killed from afar by Ijyb

Action                   || total
-------------------------++-------
Melee: Hand axe          ||    54
       Unarmed           ||     3
 Cast: Sting             ||    22
 Stab: Sleeping          ||     1
  Eat: Chunk             ||     2
